 Dungeon Crawl Stone Soup version 0.29-a0-317-gd16b76e6b1 (webtiles) character file.

Game seed: 16613299851671683297

10650 T7k8fj9 the Fighter (level 11, -3/94 HPs)
             Began as a Demonspawn Fighter on Mar 30, 2022.
             Was a High Priest of Okawaru.
             Slain by a two-headed ogre
             ... wielding a +0 giant spiked club
              (15 damage)
             ... on level 10 of the Dungeon.
             The game lasted 00:27:28 (11097 turns).

T7k8fj9 the Fighter (Demonspawn Fighter)           Turns: 11097, Time: 00:27:28

Health: -3/94      AC: 15    Str: 21    XL:     11   Next: 39%
Magic:  11/11      EV: 12    Int:  9    God:    Okawaru [*****.]
Gold:   157        SH: 10    Dex: 13    Spells: 10/10 levels left

rFire   + . .      SeeInvis +   p - +7 trident "Eviscerator" {drain, +Blink Will+}
rCold   . . .      Faith    .   c - +0 buckler
rNeg    . . .      Spirit   .   b - +0 scale mail
rPois   .          Reflect  .   j - +1 helmet {rF+}
rElec   .          Harm     .   (no cloak)
rCorr   .          Rampage  .   (gloves unavailable)
Will    +....                   I - +0 pair of boots
Stlth   ..........              (no amulet)
HPRegen 0.25/turn               r - ring of see invisible
MPRegen 0.12/turn               x - +4 ring of protection

@: mighty
A: claws 3, large bone plates 1, spiny 2
a: Renounce Religion, Evoke Blink, Heroism, Finesse, Duel


You were on level 10 of the Dungeon.
You worshipped Okawaru.
Okawaru was extremely pleased with you.
You visited 2 branches of the dungeon, and saw 11 of its levels.
You also visited: Ossuary and Bailey.

You collected 467 gold pieces.
You spent 310 gold pieces at shops.

Inventory:

Hand Weapons
 a - a +0 war axe
 l - the +2 quarterstaff of Daherem {elec, Fragile Fly rPois}
   (You found it on level 6 of the Dungeon)

   It occasionally discharges a powerful burst of electricity upon striking a
   foe.
   rPois:     It protects you from poison.
   Fly:       It grants you flight.
   Fragile:   It will be destroyed if unequipped.
 p - the +7 trident "Eviscerator" (weapon) {drain, +Blink Will+}
   (You took it off a kobold on level 2 of the Dungeon)

   A truly terrible weapon, it drains the life of any living foe it strikes.
   +Blink:    It lets you blink.
   Will:      It increases your willpower.
 t - the +4 dagger "Morg" {pain, Will+ Int+5}
   (You found it on level 3 of the Dungeon)

   In the hands of one skilled in necromantic magic, it inflicts extra damage on
   living creatures.
   Int:       It affects your intelligence (+5).
   Will:      It increases your willpower.
 N - a +5 quick blade
Missiles
 m - a curare-tipped dart
 u - 26 poisoned darts (quivered)
Armour
 b - a +0 scale mail (worn)
 c - a +0 buckler (worn)
 j - a +1 helmet of fire resistance (worn)
 o - the +2 leather armour of the Grue {rPois Int-2 Dex-3 Slay+6}
   (You found it on level 2 of the Dungeon)

   Int:       It affects your intelligence (-2).
   Dex:       It affects your dexterity (-3).
   Slay:      It affects your accuracy & damage with ranged weapons and melee
   (+6).
   rPois:     It protects you from poison.
 F - a +0 plate armour
 I - a +0 pair of boots (worn)
Jewellery
 r - a ring of see invisible (left claw)
 x - a +4 ring of protection (right claw)
 B - a ring of protection from cold
 P - a ring of wizardry
Wands
 y - a wand of flame (8)
 D - a wand of paralysis (14)
 K - a wand of acid (4)
 O - a wand of iceblast (2)
Scrolls
 e - 2 scrolls of teleportation {unknown}
 h - 3 scrolls of magic mapping
 i - 2 scrolls of holy word {unknown}
 k - 5 scrolls of noise {unknown}
 n - 4 scrolls of vulnerability {unknown}
 s - a scroll of acquirement {unknown}
 E - 2 scrolls of fog {unknown}
 G - 3 scrolls of identify
 H - a scroll of enchant armour {unknown}
 J - a scroll of fear {unknown}
 M - 2 scrolls of silence {unknown}
 R - a scroll of blinking {unknown}
Potions
 d - 5 potions of might
 f - 7 potions of curing
 g - 3 potions of mutation
 q - 4 potions of magic {unknown}
 w - 3 potions of resistance
 z - 3 potions of flight {unknown}
 A - 2 potions of invisibility {unknown}
 C - 4 potions of brilliance {unknown}
 Q - a potion of ambrosia {unknown}
Miscellaneous
 L - a piece from Xom's chessboard (15/15)


   Skills:
 + Level 11.6 Fighting
 - Level 2.3 Axes
 + Level 8.0 Armour
 - Level 6.0 Dodging
 + Level 9.2 Shields


You had 10 spell levels left.
You didn't know any spells.
Your spell library contained the following spells:

 Spells                   Type           Power      Damage    Failure   Level
 Foxfire                  Conj/Fire      0%         2x1d4     77%         1
 Magic Dart               Conj           0%         1d3       77%         1
 Pain                     Necr           0%         1d4       77%         1
 Sandblast                Erth           0%         2d4       77%         1
 Shock                    Conj/Air       0%         1d3       77%         1
 Passwall                 Tmut/Erth      0%         N/A       88%         2
 Static Discharge         Conj/Air       0%         N/A       88%         2
 Conjure Flame            Conj/Fire      0%         6-21      98%         3
 Inner Flame              Hex/Fire       0%         N/A       98%         3
 Mephitic Cloud           Conj/Pois/Air  0%         N/A       98%         3
 Stone Arrow              Conj/Erth      0%         3d7       98%         3
 Swiftness                Air            0%         N/A       98%         3
 Airstrike                Air            0%         N/A       100%        4
 Cause Fear               Hex            0%         N/A       100%        4
 Dispel Undead            Necr           0%         3d6       100%        4
 Flame Wave               Conj/Fire      0%         2d4       100%        4
 Hailstorm                Conj/Ice       0%         3d3       100%        4
 Ice Form                 Ice/Tmut       0%         N/A       100%        4
 Sticky Flame             Conj/Fire      0%         2d3       100%        4
 Agony                    Necr           0%         N/A       100%        5
 Excruciating Wounds      Necr           0%         N/A       100%        5
 Discord                  Hex            0%         N/A       100%        8
 Call Imp                 Summ           Unusable   N/A       N/A         2
 Simulacrum               Ice/Necr       Unusable   N/A       N/A         6

Dungeon Overview and Level Annotations

Branches:
Dungeon (10/15)            Temple (1/1) D:5            Lair (0/6) D:8
Ossuary (visited)          Bailey (visited)
    Orc: D:9-12

Altars:
Ashenzari
Cheibriados
Dithmenos
Elyvilon
Fedhas
Gozag
Hepliaklqana
Kikubaaqudgha
Makhleb
Nemelex Xobeh
Okawaru
Qazlal
Ru
Sif Muna
Trog
Uskayaw
Vehumet
Wu Jian
Xom
Yredelemnul
Zin
The Shining One

Shops:
D:5 *   D:6 !

Annotations:
D:10 Lodul


Innate Abilities, Weirdness & Mutations

You have claws for hands.
You are partially covered in large bone plates. (SH +4)
You are mostly covered in sharp spines.


Message History

The two-headed ogre hits you but does no damage.
You block the two-headed ogre's attack.
The two-headed ogre attacks as you move away!
The two-headed ogre is struck by your spines.
The two-headed ogre barely misses you. You block the two-headed ogre's attack.
The two-headed ogre attacks as you move away!
You block the two-headed ogre's attack. x2
You puncture the two-headed ogre! You drain the two-headed ogre.
The two-headed ogre is moderately wounded.
The two-headed ogre hits you with a +0 giant club.
The two-headed ogre hits you but does no damage.
Electricity crackles from Lodul's apparatus.
The bolt of lightning hits you!!
* * * LOW HITPOINT WARNING * * *
You completely miss the two-headed ogre.
The two-headed ogre is moderately wounded.
Lodul adjusts his apparatus.
The ogre is struck by your spines. The ogre misses you.
You puncture the two-headed ogre!
The two-headed ogre is heavily wounded.
You block the two-headed ogre's attack. x2
The orc wizard mumbles some strange words.
The orc wizard flickers and vanishes for a moment.
You puncture the two-headed ogre!
The two-headed ogre is severely wounded.
The two-headed ogre barely misses you. The two-headed ogre misses you.
Lodul adjusts his apparatus.
The two-headed ogre is struck by your spines.
The two-headed ogre hits you with a +0 giant spiked club!
* * * LOW HITPOINT WARNING * * *
The two-headed ogre hits you but does no damage.
You feel better.
The two-headed ogre is struck by your spines.
The two-headed ogre completely misses you.
The two-headed ogre hits you with a +0 giant club!
* * * LOW HITPOINT WARNING * * *
You feel better.
The orc shouts!
The two-headed ogre hits you with a +0 giant spiked club!
You die...

.≈.......≈..###...........###
.≈.#.###.≈..#
##....[.......## .≈.#..
#.≈.## #.............##
...#._.#.≈.#
#..............##
.≈.#...#.≈.#
##..............#
.≈.###.#.≈.#
##..............#
.≈.......≈.#
#..............##
.≈≈≈≈≈≈≈≈≈.# #..............#
...........#
##@#...........##
#..........# #OO##..........#
..........##
##O####........##
...........###oO#
##........####
............##oO#
###...##.##..
........>...##O## #######.#>.
..............o# #....
.............o## ##...
...........O..# #....


You could see Lodul, 3 two-headed ogres, 2 ogres, 2 orc wizards and 2 orcs.

Vanquished Creatures
  A two-headed ogre (D:9)
  Pikel (D:8)
  A wolf spider (D:10)
  A hornet (D:9)
  A shadow (D:7)
  A wraith (D:10)
  20 yaks
  2 wyverns (D:9)
  A steam dragon (D:7)
  4 vampire mosquitoes (D:10)
  6 water moccasins
  Duvessa (D:4)
  4 ice beasts
  4 orc warriors
  2 sky beasts
  3 ogres
  2 centaurs
  4 kobold brigands
  5 bullfrogs (D:8)
  A necrophage (D:8)
  5 scorpions
  2 elf skeletons (D:5)
  Dowan (D:4)
  12 killer bees
  3 howler monkeys
  A gnoll shaman (D:9)
  2 human zombies
  A jelly (D:6)
  2 hounds (D:7)
  3 orc priests
  5 iguanas
  2 human skeletons (D:5)
  6 orc wizards
  2 hound zombies (Ossuary)
  4 mummies (Ossuary)
  10 adders
  8 gnolls
  A shadow imp (D:6)
  4 white imps
  An ufetubus (D:6)
  A worm (D:3)
  2 dart slugs
  44 orcs
  6 ball pythons
  4 bats
  3 endoplasms
  2 giant cockroaches (D:1)
  7 goblins
  8 hobgoblins
  10 jackals
  3 quokkas
  4 frilled lizards
  A gnoll zombie (Ossuary)
  2 goblin zombies (Ossuary)
  2 hobgoblin zombies (Ossuary)
  A jackal zombie (Ossuary)
  21 kobolds
  2 kobold zombies (Ossuary)
  An orc skeleton (D:5)
  5 rats
  A rat zombie (Ossuary)
270 creatures vanquished.

Vanquished Creatures (others)
  2 orc wizards
  48 fungi (D:8)
  36 plants (D:8)
86 creatures vanquished.

Grand Total: 356 creatures vanquished

Notes
Turn   | Place    | Note
-------+----------+-------------------------------------------
     0 | D:1      | T7k8fj9 the Demonspawn Fighter began the quest for the Orb.
     0 | D:1      | Reached XP level 1. HP: 18/18 MP: 1/1
   115 | D:1      | Gained mutation: You are partially covered in sharp spines.
                  | [demonic ancestry]
   115 | D:1      | Reached XP level 2. HP: 23/24 MP: 2/2
  1153 | D:1      | Gained mutation: You are partially covered in large bone
                  | plates. (SH +4) [demonic ancestry]
  1153 | D:1      | Reached XP level 3. HP: 29/29 MP: 3/3
  1393 | D:2      | Found a faded altar of an unknown god.
  1493 | D:2      | Identified the +2 leather armour of the Grue {rPois Int-2
                  | Dex-3 Slay+6}
  1560 | D:2      | Reached skill level 1 in Dodging
  1886 | D:2      | Identified the +7 trident "Eviscerator" {drain, +Blink
                  | Will+}
  1889 | D:2      | Gained mutation: You have sharp fingernails. [demonic
                  | ancestry]
  1889 | D:2      | Reached XP level 4. HP: 33/35 MP: 4/4
  2367 | D:3      | Found the +4 dagger "Morg" {pain, Will+ Int+5}
  2949 | D:4      | Reached XP level 5. HP: 22/42 MP: 5/5
  3348 | D:4      | Reached skill level 4 in Fighting
  3539 | D:4      | Reached XP level 6. HP: 40/48 MP: 6/6
  3723 | D:4      | Noticed Dowan
  3728 | D:4      | Killed Dowan
  3730 | D:4      | Noticed Duvessa
  3742 | D:4      | Killed Duvessa
  3743 | D:4      | Gained mutation: You are mostly covered in sharp spines.
                  | [demonic ancestry]
  3743 | D:4      | Reached XP level 7. HP: 30/55 MP: 7/7
  4128 | D:5      | Entered Level 5 of the Dungeon
  4166 | D:5      | Found a sand-covered staircase.
  4174 | D:5      | Reached skill level 5 in Fighting
  4177 | Ossuary  | Entered an ossuary
  4523 | D:5      | Reached skill level 5 in Shields
  4538 | D:5      | Found a staircase to the Ecumenical Temple.
  4572 | D:5      | Found Moecacom's Fire Supplies.
  4617 | Temple   | Entered the Ecumenical Temple
  4830 | Temple   | Became a worshipper of Warmaster Okawaru
  4988 | D:5      | Gained mutation: You have very sharp fingernails. [demonic
                  | ancestry]
  4988 | D:5      | Reached XP level 8. HP: 64/64 MP: 8/8
  5019 | D:5      | Reached skill level 6 in Fighting
  5742 | D:5      | Bought a +1 helmet of fire resistance for 214 gold pieces
  5788 | D:6      | Identified the +2 quarterstaff of Daherem {elec, Fragile
                  | Fly rPois}
  5886 | D:6      | Reached * piety under Okawaru
  5887 | D:6      | Reached skill level 7 in Fighting
  5911 | D:6      | Found Tionys's Distillery.
  5921 | D:6      | Bought a potion of heal wounds for 60 gold pieces
  5921 | D:6      | Bought a potion of curing for 36 gold pieces
  5987 | D:6      | Reached skill level 8 in Fighting
  6335 | D:6      | Gained mutation: You have claws for hands. [demonic
                  | ancestry]
  6335 | D:6      | Reached XP level 9. HP: 71/75 MP: 9/9
  6717 | D:6      | Reached skill level 9 in Fighting
  6878 | D:7      | Reached ** piety under Okawaru
  6894 | D:7      | Found a flagged portal.
  6912 | Bailey   | Entered a bailey
  7959 | D:7      | Reached skill level 5 in Armour
  8064 | D:8      | Reached skill level 5 in Dodging
  8219 | D:8      | Noticed Pikel
  8226 | D:8      | Killed Pikel
  8226 | D:8      | Reached *** piety under Okawaru
  8227 | D:8      | Reached XP level 10. HP: 79/85 MP: 10/10
  8361 | D:8      | Reached skill level 10 in Fighting
  8472 | D:8      | Found a staircase to the Lair.
  9180 | D:9      | Reached **** piety under Okawaru
  9642 | D:9      | Noticed a two-headed ogre
  9647 | D:9      | Killed a two-headed ogre
  9658 | D:9      | Reached skill level 11 in Fighting
  9680 | D:9      | Reached ***** piety under Okawaru
  9683 | D:9      | Reached XP level 11. HP: 58/93 MP: 11/11
 10012 | D:9      | Received a gift from Okawaru
 10324 | D:10     | Entered Level 10 of the Dungeon
 10732 | D:10     | Found a basalt altar of Yredelemnul.
 11053 | D:10     | Noticed a wolf spider
 11055 | D:10     | Noticed a two-headed ogre
 11056 | D:10     | Noticed a two-headed ogre
 11057 | D:10     | Noticed a two-headed ogre
 11060 | D:10     | Noticed Lodul
 11073 | D:10     | HP: 2/93 [two-headed ogre/+0 giant club (18)]
 11080 | D:10     | Killed a wolf spider
 11097 | D:10     | Slain by a two-headed ogre

Illustrated notes

Levels and vault maps discovered:
D:1:      shiori_shiawase, layout_basic, minmay_3d_cube
D:2:      layout_loops_corners, nicolae_ecumenical_pavilion,
          minmay_indecisive_spiral
D:3:      layout_rooms
D:4:      layout_loops_corners, chequers_serial_rivers_micro_d,
          chequers_serial_rivers_micro_d, minmay_misc_feat_chi, uniq_duvessa
D:5:      layout_loops_corners, minmay_temple_entry_slanted,
          nicolae_ossuary_entry_catacombs, nicolae_shop_fire_sale
          [nicolae_sub_dead_trees], minmay_misc_feat_columns
D:6:      layout_loops_corners, kennysheep_small_circle
D:7:      layout_layer_cave, enter_bailey_4
D:8:      layout_basic, due_lair_maze_entry_diamond,
          hangedman_abyss_or_decor_lesser_grid, uniq_pikel
D:9:      layout_long_grid
D:10:     layout_cave_pods, mainiacjoe_overflow_brackets, uniq_lodul
Temple:   minmay_crystal_snake_temple

Skill      XL: |  1  2  3  4  5  6  7  8  9 10 11 |
---------------+----------------------------------+-----
Axes           | 2 |  2.3
Shields        | 3 4 5 6 7 8 9 |  9.2
Armour         | 3 4 5 7 8 |  8.0
Dodging        | 1 2 3 4 5 6 |  6.0
Fighting       | 4 5 8 9 11 | 11.6

Action                   |  1- 3 |  4- 6 |  7- 9 | 10-12 || total
-------------------------+-------+-------+-------+-------++-------
Melee: War axe           |    87 |     4 |       |       ||    91
       Trident           |       |   111 |   270 |   202 ||   583
Evoke: Wand              |       |     1 |       |     6 ||     7
  Use: Scroll            |       |       |     7 |       ||     7
       Potion            |       |       |       |     7 ||     7
Armor: Scale mail        |    45 |    24 |    71 |    99 ||   239
Dodge: Dodged            |    40 |    30 |    93 |   148 ||   311
Block: Buckler           |    34 |    36 |   109 |   147 ||   326

Table legend: (Time is in decaauts)
 A = Elapsed time spent in this place.
 B = Non-inter-level travel time spent in this place.
 C = Inter-level travel time spent in this place.
 D = Time resting spent in this place.
 E = Time spent auto-exploring this place.
 F = Levels seen in this place.
 G = Mean time per level.
                   A        B        C        D        E       F      G
               +--------+--------+--------+--------+--------+-----+--------+
         Total |  11313 |  11009 |    304 |    735 |   8239 |  13 |  870.2 |
       Dungeon |  10455 |  10216 |    239 |    556 |   7944 |  10 | 1045.5 |
        Temple |    243 |    178 |     65 |      0 |    160 |   1 |  243.0 |
       Ossuary |    319 |    319 |      0 |     91 |    135 |   1 |  319.0 |
        Bailey |    295 |    295 |      0 |     88 |      0 |   1 |  295.0 |
               +--------+--------+--------+--------+--------+-----+--------+

Top non-repeatable levels by time:
     D:1: 1417 daAuts
     D:8: 1413 daAuts
     D:4: 1236 daAuts
     D:6: 1113 daAuts
     D:5: 1101 daAuts
     D:2: 989 daAuts
     D:7: 925 daAuts
     D:9: 911 daAuts
    D:10: 792 daAuts
     D:3: 552 daAuts
 Ossuary: 319 daAuts
  Bailey: 295 daAuts
  Temple: 243 daAuts
